 Dungeon Crawl Stone Soup version 0.29.1-14-g9c671dbff4 (webtiles) character file.

Game seed: 3977290386221314418

116 sweetbreads the Digger (level 5, -5/28 HPs)
             Began as a Gargoyle Earth Elementalist on Feb 15, 2023.
             Slain by a killer bee (8 damage)
             ... on level 3 of the Dungeon.
             The game lasted 00:07:00 (2063 turns).

sweetbreads the Digger (GrEE)                       Turns: 2063, Time: 00:07:01

Health: -5/28      AC:  8    Str: 11    XL:     5   Next: 0%
Magic:  14/17      EV: 12    Int: 24    God:
Gold:   99         SH:  0    Dex: 10    Spells: 4/8 levels left

rFire   . . .      SeeInvis .   a - +0 dagger (venom)
rCold   . . .      Faith    .   (no shield)
rNeg    + . .      Spirit   .   o - +1 robe "Damnable Contraption" {Will++ Stlth-}
rPois   ∞          Reflect  .   (no helmet)
rElec   +          Harm     .   (no cloak)
rCorr   .          Rampage  .   (no gloves)
Will    ++...                   n - +0 pair of boots
Stlth   +.........              (no amulet)
HPRegen 0.09/turn               d - +6 ring of intelligence
MPRegen 0.15/turn               h - ring of magical power

@: no status effects
A: sickness immunity, AC +4, negative energy resistance 1, electricity
resistance, torment resistance 1, petrification resistance
a: no special abilities


You were on level 3 of the Dungeon.
You visited 1 branch of the dungeon, and saw 4 of its levels.

You collected 99 gold pieces.

Inventory:

Hand Weapons
 a - a +0 dagger of venom (weapon)
Missiles
 c - 4 poisoned darts
Armour
 g - a +0 robe
 n - a +0 pair of boots (worn)
 o - the +1 robe "Damnable Contraption" (worn) {Will++ Stlth-}
   (You found it on level 2 of the Dungeon)

   Will:      It greatly increases your willpower.
   Stlth:     It makes you less stealthy.
Jewellery
 d - a +6 ring of intelligence (left hand)
 h - a ring of magical power (right hand)
Scrolls
 j - a scroll of magic mapping {unknown}
 k - a scroll of teleportation {unknown}
 l - a scroll of brand weapon {unknown}
 p - a scroll of identify {unknown}
Potions
 b - a potion of magic
 e - a potion of curing {unknown}
 f - a potion of degeneration {unknown}
 i - 3 potions of haste {unknown}
 m - 2 potions of heal wounds {unknown}
 q - a potion of lignification {unknown}
 r - a potion of might {unknown}


   Skills:
 * Level 2.2 Dodging
 * Level 3.1 Stealth
 - Level 2.0 Spellcasting
 - Level 1.0 Transmutations
 + Level 5.6 Earth Magic


You had 4 spell levels left.
You knew the following spells:

 Your Spells              Type           Power      Damage    Failure   Level
a - Sandblast             Erth           58%        2d13      1%          1
b - Stone Arrow           Conj/Erth      32%        3d9       11%         3

Your spell library contained the following spells:

 Spells                   Type           Power      Damage    Failure   Level
 Passwall                 Tmut/Erth      15%        N/A       4%          2
 Apportation              Tloc           4%         N/A       12%         1
 Petrify                  Tmut/Erth      18%        N/A       30%         4
 Frozen Ramparts          Ice            4%         1d1       34%         3
 Ice Form                 Ice/Tmut       4%         N/A       67%         4
 Summon Ice Beast         Ice/Summ       2%         N/A       75%         4
 Alistair's Intoxication  Tmut/Pois      2%         N/A       95%         5
 Borgnjor's Revivificati  Necr           1%         N/A       100%        8
 Necromutation            Tmut/Necr      2%         N/A       100%        8
 Death's Door             Necr           1%         N/A       100%        9


Dungeon Overview and Level Annotations

Branches:
Dungeon (4/15)
 Temple: D:4-7

Altars:
Dithmenos
Nemelex Xobeh
Uskayaw

Shops:
D:2 [


Innate Abilities, Weirdness & Mutations

You are immune to sickness and miasma.
Your stone body is resilient. (AC +4)
You are immune to poison.
You resist negative energy. (rN+)
You are resistant to electric shocks. (rElec)
You are resistant to unholy torment.
You are immune to petrification.


Message History

Aiming: Sandblast (safe; 1% risk of failure)
Press: ? - help, Shift-Dir - straight line, f - killer bee
Aim: a killer bee (65% to hit)
The blast of sand hits the killer bee!
The killer bee is almost dead.
The killer bee misses you. The killer bee barely misses you.
The killer bee stings you. The killer bee barely misses you.
The killer bee closely misses you. The killer bee stings you.
The killer bee barely misses you. x2
The killer bee closely misses you. The killer bee stings you!
You climb upwards.
There is a stone staircase leading down here.
Unknown command.
Casting: Sandblast (safe; 1% risk of failure)
Confirm with . or Enter, or press ? or * to list all spells.
Aiming: Sandblast (safe; 1% risk of failure)
Press: ? - help, Shift-Dir - straight line, f - killer bee
Aim: a killer bee (almost dead, 65% to hit)
The blast of sand hits the killer bee.
You kill the killer bee!
The killer bee misses you.
The killer bee stings you but does no damage.
The killer bee stings you. x2
* * * LOW HITPOINT WARNING * * *
The killer bee barely misses you.
The killer bee stings you but does no damage.
Your Stealth skill increases to level 3!
You have reached level 5!
Casting: Sandblast (safe; 1% risk of failure)
Confirm with . or Enter, or press ? or * to list all spells.
Aiming: Sandblast (safe; 1% risk of failure)
Press: ? - help, Shift-Dir - straight line, f - killer bee
Aim: a killer bee (65% to hit)
The blast of sand hits the killer bee.
The killer bee is moderately wounded.
The killer bee closely misses you. The killer bee barely misses you.
The killer bee stings you.
* * * LOW HITPOINT WARNING * * *
The killer bee stings you!
You die...

#.. #.# #)# #.# #.#
#########.######
########................
#.......†#######.#######
#....[..@y.####....
#.#.###.y...)........ ..
#...####.........
##########................
#........)..#####.#..#####
###.########..## #..
#...#######......
#.#..^......#.####
#.....###.)...## #


You could see 2 killer bees.

Vanquished Creatures
  A killer bee (D:3)
  An adder (D:2)
  3 dart slugs
  5 ball pythons
  6 endoplasms
  7 hobgoblins
  6 jackals
  5 frilled lizards
  11 goblins
  7 kobolds
  5 rats
57 creatures vanquished.

Vanquished Creatures (others)
  A withered plant (D:1)
1 creature vanquished.

Grand Total: 58 creatures vanquished

Notes
Turn   | Place    | Note
-------+----------+-------------------------------------------
     0 | D:1      | sweetbreads the Gargoyle Earth Elementalist began the quest
                  | for the Orb.
     0 | D:1      | Reached XP level 1. HP: 10/10 MP: 3/3
   246 | D:1      | Reached skill level 1 in Transmutations
   246 | D:1      | Reached XP level 2. HP: 15/15 MP: 1/5
   300 | D:1      | Reached skill level 4 in Earth Magic
   717 | D:1      | Found a faded altar of an unknown god.
   719 | D:1      | Reached XP level 3. HP: 19/19 MP: 6/6
   727 | D:1      | Learned a level 3 spell: Stone Arrow
  1288 | D:1      | Found a shadowy altar of Dithmenos.
  1387 | D:2      | Found a sparkling altar of Nemelex Xobeh.
  1417 | D:2      | Identified the +1 robe "Damnable Contraption" {Will++
                  | Stlth-}
  1759 | D:2      | Found Vuoloick's Armour Boutique.
  1801 | D:2      | Reached skill level 5 in Earth Magic
  1801 | D:2      | Reached XP level 4. HP: 21/24 MP: 7/7
  1977 | D:3      | Found a hide-covered altar of Uskayaw.
  2063 | D:3      | Reached XP level 5. HP: 7/28 MP: 8/8
  2063 | D:3      | Slain by a killer bee

Illustrated notes

Levels and vault maps discovered:
D:1:      dpeg_arrival_water_altar, layout_loops_ring,
          shapermc_ecumenical_altar_flowoftime
D:2:      layout_rooms, serial_shops, shop, basic_altar, grunt_ministairs_7,
          kennysheep_generic_room_5
D:3:      layout_basic, trog_book, eat_drink_and_be_merry_uskayaw,
          mainiacjoe_overflow_paths, uniq_crazy_yiuf_cottage
D:4:      layout_gridville, kennysheep_mini_moat, nicolae_hexahallways

Skill      XL: |  1  2  3  4 |
---------------+-------------+-----
Transmutations | 1 |  1.0
Earth Magic    | 4 5 |  5.6
Dodging        | 2 |  2.2
Stealth        | 3 |  3.1
Spellcasting   | |  2.0

Action                   |  1- 3 |  4- 6 || total
-------------------------+-------+-------++-------
Melee: Dagger            |     7 |       ||     7
 Cast: Sandblast         |    56 |    13 ||    69
Armor: Robe              |     3 |     4 ||     7
Dodge: Dodged            |     1 |    13 ||    14
